 Dungeon Crawl Stone Soup version 0.29.0-11-gd7f09526c8 (webtiles) character file.

Game seed: 1790666443915706394

27 SensoryNuts the Trooper (level 2, -2/27 HPs)
             Began as a Draconian Fighter on Sept 4, 2022.
             Succumbed to a scorpion's poison
             ... on level 2 of the Dungeon.
             The game lasted 00:01:07 (1046 turns).

SensoryNuts the Trooper (Draconian Fighter)         Turns: 1046, Time: 00:01:07

Health: -2/27      AC:  5    Str: 18    XL:     2   Next: 93%
Magic:  2/2        EV: 12    Int:  8    God:
Gold:   46         SH:  4    Dex: 10    Spells: 1/1 levels left

rFire   . . .      SeeInvis .   a - +0 war axe
rCold   . . .      Faith    .   b - +0 buckler
rNeg    . . .      Spirit   .   (body armour unavailable)
rPois   .          Reflect  .   (helmet restricted)
rElec   .          Harm     .   (no cloak)
rCorr   .          Rampage  .   k - +0 pair of gloves
Will    .....                   (no boots)
Stlth   +.........              (no amulet)
HPRegen 0.09/turn               (no ring)
MPRegen 0.08/turn               (no ring)

@: lethally poisoned (-2 -> -17), attractive
A: AC +4, unfitting armour, cold-blooded
a: no special abilities


You were on level 2 of the Dungeon.
You visited 1 branch of the dungeon, and saw 2 of its levels.

You collected 46 gold pieces.

Inventory:

Hand Weapons
 a - a +0 war axe (weapon)
Armour
 b - a +0 buckler (worn)
 k - a +0 pair of gloves (worn)
Jewellery
 j - an amulet of magic regeneration
Scrolls
 f - 2 scrolls of poison {unknown}
 g - a scroll of torment {unknown}
 h - 2 scrolls of identify {unknown}
 i - a scroll of fear {unknown}
 l - a scroll of teleportation {unknown}
Potions
 c - a potion of might
 e - a potion of curing {unknown}


   Skills:
 + Level 3.6 Fighting
 * Level 2.4 Axes
 + Level 3.0 Dodging
 + Level 3.2 Shields


You had one spell level left.
You didn't know any spells.
Your spell library contained the following spells:

 Spells                   Type           Power      Damage    Failure   Level
 Gell's Gravitas          Tloc           0%         N/A       86%         3
 Lesser Beckoning         Tloc           0%         N/A       86%         3
 Teleport Other           Tloc           0%         N/A       86%         3


Dungeon Overview and Level Annotations

Branches:
Dungeon (2/15)

Altars:

Shops:
D:1 (   D:2 (


Innate Abilities, Weirdness & Mutations

Your plain brown scales are hard. (AC +4)
You cannot fit into any form of body armour.
You are cold-blooded and may be slowed by cold attacks.


Message History

The jackal bites you but does no damage.
There are monsters nearby!
There are monsters nearby!
You slash the jackal!
You kill the jackal!
The scorpion closely misses you.
Okay, then.
You slash the scorpion!
The scorpion is heavily wounded.
The scorpion closely misses you. You block the scorpion's attack.
You closely miss the scorpion.
The scorpion is heavily wounded.
The scorpion stings you.
You are poisoned.
The scorpion poisons you! The scorpion misses you.
You hit the scorpion.
The scorpion is severely wounded.
You feel very sick.
The scorpion stings you but does no damage.
You closely miss the scorpion.
The scorpion is severely wounded.
You feel very sick. You block the scorpion's attack. x2
You barely miss the scorpion.
The scorpion is severely wounded.
You feel sick. The scorpion closely misses you. The scorpion barely misses you.
Okay, then.
You barely miss the scorpion.
Your tail-slap misses the scorpion.
The scorpion is severely wounded.
You feel sick. The scorpion stings you.
* * * LOW HITPOINT WARNING * * *
You hit the scorpion.
The scorpion is severely wounded.
You feel sick. The scorpion stings you.
* * * LOW HITPOINT WARNING * * *
You are more poisoned.
The scorpion poisons you! The scorpion closely misses you.
It was a potion of attraction.
You feel attractive to monsters.
You die...

#.# #. ... .. #.#######.
#.#....##. #.#.##.##.
#.#.##.##.
#####.#.##.##.
#.#########...#.#.##.##.
...).hs@..'...'..)......
#+#########...#.#...[...
#...#.#.......
#.############ #..# #.#
# #[.## ##.## ## #...#
#...# #. #.#)###.#.###.
####.#..#[.#..#..


You could see a scorpion and a jackal.

Vanquished Creatures
  A worm (D:2)
  3 ball pythons (D:1)
  2 endoplasms (D:1)
  A giant cockroach (D:2)
  2 goblins (D:1)
  2 hobgoblins (D:1)
  2 jackals (D:2)
  A quokka (D:1)
  A frilled lizard (D:1)
  4 kobolds
  3 rats (D:1)
22 creatures vanquished.

Notes
Turn   | Place    | Note
-------+----------+-------------------------------------------
     0 | D:1      | SensoryNuts the Draconian Fighter began the quest for the
                  | Orb.
     0 | D:1      | Reached XP level 1. HP: 19/19 MP: 1/1
    17 | D:1      | Found Hefeb's Antique Weapon Shop.
   223 | D:1      | Reached XP level 2. HP: 24/26 MP: 2/2
   814 | D:2      | Found Pecsiavu's Weapon Boutique.
  1027 | D:2      | Noticed a scorpion
  1046 | D:2      | Succumbed to a scorpion's poison

Illustrated notes

Levels and vault maps discovered:
D:1:      erik_arrival_triangle_large, layout_rooms, serial_shops,
          nicolae_shop_stone, minmay_crystal_water
D:2:      layout_basic, serial_curves, eino_curves_04, eino_curves_03,
          serial_shops, shop, nicolae_shop_crystal, shop,
          nicolae_shop_advertising_works [nicolae_subvault_shop_adworks],
          basic_altar

Skill      XL: |  1  2 |
---------------+-------+-----
Dodging        | 3 |  3.0
Fighting       | |  3.6
Axes           | |  2.4
Shields        | |  3.2

Action                   || total
-------------------------++-------
Melee: War axe           ||    59
       Tailslap          ||     5
  Use: Potion            ||     1
Armor: Skin              ||    21
Dodge: Dodged            ||    37
Block: Buckler           ||    10
